BSA
ST CHARLES SHEENS @ POCATELLO BELLAS
09/27/2030
 
TOP OF THE 1ST
St Charles Sheens batting - Pitching for Pocatello Bellas : RHP Nelson Ortega
Pitching: RHP Nelson Ortega
Batting: RHB Miguel Palácios 0-0: Called Strike
0-1: Called Strike
0-2: Ball
1-2: Ball
2-2: Fly out, F9 (Flyball, 89S)
Batting: RHB Jesús Hernández 0-0: Ground out 6-3 (Groundball, 6)
Batting: RHB Ramón Molina 0-0: Called Strike
0-1: Ball
1-1: Foul Ball, location: 2F
1-2: Strikes out swinging
Top of the 1st over - 0 runs, 0 hits, 0 errors, 0 left on base; St Charles 0 - Pocatello 0
BOTTOM OF THE 1ST
Pocatello Bellas batting - Pitching for St Charles Sheens : RHP Jesús Andrade
Pitching: RHP Jesús Andrade
Batting: RHB Buck Jones 0-0: Ball
1-0: Called Strike
1-1: Ball
2-1: Ball
3-1: Base on Balls
Batting: RHB Júlio Figueroa 0-0: SINGLE (Groundball, 56D)
Buck Jones to second
Batting: RHB António Ortega 0-0: Ball
1-0: Ball
2-0: Called Strike
2-1: Reached on error, E4 (Line Drive, 4)
Buck Jones to third
Júlio Figueroa to second
Batting: SHB Shane Hutchinson 0-0: Called Strike
0-1: Ball
1-1: Swinging Strike
1-2: Ball
2-2: Foul Ball, location: 2F
2-2: Foul Ball, location: 2F
2-2: Ball
3-2: Foul Ball, location: 2F
3-2: Foul Ball, location: 2F
3-2: Fly out, F4 (Line Drive, 4)
Batting: LHB José Rivas 0-0: Foul Ball, location: 2F
0-1: Ball
1-1: GRAND SLAM HOME RUN (Flyball, 9LD), Distance : 339 ft
Batting: SHB Juan Castro 0-0: Foul Ball, location: 2F
0-1: Ball
1-1: Called Strike
1-2: Foul Ball, location: 2F
1-2: Ball
2-2: Strikes out swinging
Batting: RHB Lonnie Anderson 0-0: Foul Ball, location: 2F
0-1: Ball
1-1: Ball
2-1: Foul Ball, location: 2F
2-2: Strikes out swinging
Bottom of the 1st over - 4 runs, 2 hits, 1 error, 0 left on base; St Charles 0 - Pocatello 4
TOP OF THE 2ND
St Charles Sheens batting - Pitching for Pocatello Bellas : RHP Nelson Ortega
Batting: RHB Shawn Gutiérrez 0-0: Foul Ball, location: 2F
0-1: Ball
1-1: Fly out, F5 (Popup, 5L)
Batting: LHB Larry Howard 0-0: Called Strike
0-1: Foul Ball, location: 2F
0-2: Ball
1-2: Strikes out looking
Batting: RHB Glen MacDonald 0-0: Ball
1-0: Ball
2-0: Foul Ball, location: 2F
2-1: Ball
3-1: Called Strike
3-2: Strikes out looking
Top of the 2nd over - 0 runs, 0 hits, 0 errors, 0 left on base; St Charles 0 - Pocatello 4
BOTTOM OF THE 2ND
Pocatello Bellas batting - Pitching for St Charles Sheens : RHP Jesús Andrade
Batting: RHB Enrique Mendoza 0-0: Ball
1-0: Fly out, F8 (Flyball, 89M)
Batting: RHB Javier Deleón 0-0: Called Strike
0-1: Called Strike
0-2: Strikes out looking
Batting: RHB Buck Jones 0-0: Called Strike
0-1: Ball
1-1: Foul Ball, location: 2F
1-2: Ball
2-2: Fly out, F5 (Line Drive, 5)
Bottom of the 2nd over - 0 runs, 0 hits, 0 errors, 0 left on base; St Charles 0 - Pocatello 4
TOP OF THE 3RD
St Charles Sheens batting - Pitching for Pocatello Bellas : RHP Nelson Ortega
Batting: LHB Nick Gamble 0-0: Called Strike
0-1: Ground out 6-3 (Groundball, 6MS)
Batting: RHB Héctor Vázquez 0-0: Called Strike
0-1: Ball
1-1: Ball
2-1: Called Strike
2-2: Strikes out swinging
Batting: RHB Lúcio Alfaro 0-0: Called Strike
0-1: Swinging Strike
0-2: Ball
1-2: Foul Ball, location: 2F
1-2: Foul Ball, location: 2F
1-2: Strikes out swinging
Top of the 3rd over - 0 runs, 0 hits, 0 errors, 0 left on base; St Charles 0 - Pocatello 4
BOTTOM OF THE 3RD
Pocatello Bellas batting - Pitching for St Charles Sheens : RHP Jesús Andrade
Batting: RHB Júlio Figueroa 0-0: Ball
1-0: Ball
2-0: Called Strike
2-1: SINGLE (Flyball, 78M)
Batting: RHB António Ortega 0-0: Ball
1-0: Called Strike
1-1: Ball
2-1: Swinging Strike
2-2: Ball
3-2: Foul Ball, location: 2F
3-2: SINGLE (Line Drive, 56)
Júlio Figueroa to second
Batting: SHB Shane Hutchinson 0-0: Called Strike
0-1: Swinging Strike
0-2: Ball
1-2: Ball
2-2: Ball
3-2: Foul Ball, location: 2F
3-2: Base on Balls
Júlio Figueroa to third
António Ortega to second
Batting: LHB José Rivas 0-0: Called Strike
0-1: Ball
1-1: Ball
2-1: Swinging Strike
2-2: Ball
3-2: Strikes out swinging
Batting: SHB Juan Castro 0-0: Ball
1-0: Ball
2-0: Foul Ball, location: 2F
2-1: Foul Ball, location: 2F
2-2: Fly out, F8 (Flyball, 8RXD)
Runner from 3rd tags up, SCORES, no throw
António Ortega to third
Batting: RHB Lonnie Anderson 0-0: Ball
1-0: Foul Ball, location: 2F
1-1: Called Strike
1-2: Ball
2-2: Fly out, F4 (Line Drive, 4)
Bottom of the 3rd over - 1 run, 2 hits, 0 errors, 2 left on base; St Charles 0 - Pocatello 5
TOP OF THE 4TH
St Charles Sheens batting - Pitching for Pocatello Bellas : RHP Nelson Ortega
Batting: RHB Miguel Palácios 0-0: Foul Ball, location: 2F
0-1: SINGLE (Flyball, 7LM)
Batting: RHB Jesús Hernández 0-0: Foul Ball, location: 2F
0-1: Swinging Strike
0-2: Ball
1-2: Fly out, F7 (Flyball, 78S)
Batting: RHB Ramón Molina 0-0: Called Strike
0-1: Ball
1-1: Hit by Pitch
Miguel Palácios to second
Batting: RHB Shawn Gutiérrez 0-0: Ball
1-0: Ball
2-0: Ball
3-0: Foul Ball, location: 2F
3-1: Foul Ball, location: 2F
3-2: Strikes out swinging
Ramón Molina is caught stealing 2nd base
Batter strikes out.
Top of the 4th over - 0 runs, 1 hit, 0 errors, 1 left on base; St Charles 0 - Pocatello 5
BOTTOM OF THE 4TH
Pocatello Bellas batting - Pitching for St Charles Sheens : RHP Jesús Andrade
Batting: RHB Enrique Mendoza 0-0: Called Strike
0-1: Ball
1-1: SINGLE (Groundball, 6MD)
Batting: RHB Javier Deleón 0-0: Ball
1-0: Called Strike
1-1: Swinging Strike
1-2: Foul Ball, location: 2F
1-2: Ball
2-2: SINGLE (Groundball, 56D)
Enrique Mendoza to second
Batting: RHB Buck Jones 0-0: Foul Ball, location: 2F
0-1: Ball
1-1: Called Strike
1-2: Foul Ball, location: 2F
1-2: Ball
2-2: Foul Ball, location: 2F
2-2: Foul Ball, location: 2F
2-2: Ball
3-2: Foul Ball, location: 2F
3-2: Fly out, F7 (Flyball, 7LM)
Pitching: RHP José González
Batting: RHB Júlio Figueroa 0-0: Grounds into double play, 6-4-3 (Groundball, 6)
Bottom of the 4th over - 0 runs, 2 hits, 0 errors, 1 left on base; St Charles 0 - Pocatello 5
TOP OF THE 5TH
St Charles Sheens batting - Pitching for Pocatello Bellas : RHP Nelson Ortega
Batting: LHB Larry Howard 0-0: Called Strike
0-1: Called Strike
0-2: Ball
1-2: Fly out, F4 (Popup, 4)
Batting: RHB Glen MacDonald 0-0: Ball
1-0: Foul Ball, location: 2F
1-1: Foul Ball, location: 2F
1-2: Strikes out looking
Batting: LHB Nick Gamble 0-0: Called Strike
0-1: Ball
1-1: Swinging Strike
1-2: Foul Ball, location: 2F
1-2: Ball
2-2: Foul Ball, location: 2F
2-2: Fly out, F7 (Flyball, 78D)
Top of the 5th over - 0 runs, 0 hits, 0 errors, 0 left on base; St Charles 0 - Pocatello 5
BOTTOM OF THE 5TH
Pocatello Bellas batting - Pitching for St Charles Sheens : RHP José González
Batting: RHB António Ortega 0-0: Called Strike
0-1: Swinging Strike
0-2: Ball
1-2: Strikes out looking
Batting: SHB Shane Hutchinson 0-0: Ground out 5-3 (Groundball, 56)
Batting: LHB José Rivas 0-0: Swinging Strike
0-1: Ball
1-1: Ball
2-1: Ball
3-1: SINGLE (Line Drive, 6MD)
Batting: SHB Juan Castro 0-0: Foul Ball, location: 2F
0-1: Foul Ball, location: 2F
0-2: Foul Ball, location: 2F
0-2: Ball
1-2: SINGLE (Groundball, 4MD)
José Rivas to second
Runner from 2nd tries for 3rd, SAFE, throw made to third
Batting: RHB Lonnie Anderson 0-0: Ball
1-0: Ball
2-0: Ground out 4-3 (Groundball, 4)
Bottom of the 5th over - 0 runs, 2 hits, 0 errors, 2 left on base; St Charles 0 - Pocatello 5
TOP OF THE 6TH
St Charles Sheens batting - Pitching for Pocatello Bellas : RHP Nelson Ortega
Batting: RHB Héctor Vázquez 0-0: Ball
1-0: Ball
2-0: Foul Ball, location: 2F
2-1: Ball
3-1: Foul Ball, location: 2F
3-2: Strikes out swinging
Batting: RHB Lúcio Alfaro 0-0: Ball
1-0: Foul Ball, location: 2F
1-1: Called Strike
1-2: Foul Ball, location: 2F
1-2: Ball
2-2: Ball
3-2: Ground out 1-3 (Groundball, P)
Batting: RHB Miguel Palácios 0-0: Ball
1-0: Ball
2-0: Called Strike
2-1: Ball
3-1: Ground out 6-3 (Groundball, 6)
Top of the 6th over - 0 runs, 0 hits, 0 errors, 0 left on base; St Charles 0 - Pocatello 5
BOTTOM OF THE 6TH
Pocatello Bellas batting - Pitching for St Charles Sheens : RHP José González
Batting: RHB Enrique Mendoza 0-0: Called Strike
0-1: Foul Ball, location: 2F
0-2: Ground out 4-3 (Groundball, 4)
Batting: RHB Javier Deleón 0-0: Ball
1-0: Called Strike
1-1: Foul Ball, location: 2F
1-2: Foul Ball, location: 2F
1-2: Ground out 5-3 (Groundball, 5)
Batting: RHB Buck Jones 0-0: Swinging Strike
0-1: Ball
1-1: Foul Ball, location: 2F
1-2: Ball
2-2: Ball
3-2: Fly out, F8 (Flyball, 8RM)
Bottom of the 6th over - 0 runs, 0 hits, 0 errors, 0 left on base; St Charles 0 - Pocatello 5
TOP OF THE 7TH
St Charles Sheens batting - Pitching for Pocatello Bellas : RHP Nelson Ortega
Batting: RHB Jesús Hernández 0-0: Called Strike
0-1: Swinging Strike
0-2: SINGLE (Groundball, 6MD)
Batting: RHB Ramón Molina 0-0: Foul Ball, location: 2F
0-1: Foul Ball, location: 2F
0-2: Ball
1-2: Foul Ball, location: 2F
1-2: Ball
2-2: Foul Ball, location: 2F
2-2: DOUBLE (Flyball, 8LXD)
Jesús Hernández to third
Batting: RHB Shawn Gutiérrez 0-0: Foul Ball, location: 2F
0-1: Ground out 5-3 (Groundball, 56)
Jesús Hernández scores
Pitching: RHP Tatsuzo Harada
Batting: LHB Larry Howard 0-0: Swinging Strike
0-1: Called Strike
0-2: Fly out, F9 (Flyball, 9LM)
Batting: RHB Glen MacDonald 0-0: Ball
1-0: Foul Ball, location: 2F
1-1: Called Strike
1-2: Strikes out swinging
Top of the 7th over - 1 run, 2 hits, 0 errors, 1 left on base; St Charles 1 - Pocatello 5
BOTTOM OF THE 7TH
Pocatello Bellas batting - Pitching for St Charles Sheens : RHP José González
Batting: RHB Júlio Figueroa 0-0: Reached on error, E5 (Groundball, 56)
Batting: RHB António Ortega 0-0: Foul Ball, location: 2F
0-1: Called Strike
0-2: Foul Ball, location: 2F
0-2: Ball
1-2: Ball
2-2: Ball
3-2: Grounds into double play, 6-4-3 (Groundball, 6)
Pitching: RHP Jesse Jones
Batting: SHB Shane Hutchinson 0-0: Called Strike
0-1: Foul Ball, location: 2F
0-2: Fly out, F8 (Flyball, 8RM)
Bottom of the 7th over - 0 runs, 0 hits, 1 error, 0 left on base; St Charles 1 - Pocatello 5
TOP OF THE 8TH
St Charles Sheens batting - Pitching for Pocatello Bellas : RHP Tatsuzo Harada
Batting: LHB Nick Gamble 0-0: Called Strike
0-1: Foul Ball, location: 2F
0-2: Ball
1-2: Strikes out swinging
Batting: RHB Héctor Vázquez 0-0: Ball
1-0: Ball
2-0: Ground out 5-3 (Groundball, 56)
Batting: RHB Lúcio Alfaro 0-0: Ball
1-0: Ball
2-0: Ball
3-0: Base on Balls
Batting: RHB Miguel Palácios 0-0: SINGLE (Line Drive, 6MD)
Lúcio Alfaro to second
Runner from 2nd tries for 3rd, SAFE, no throw
Batting: RHB Jesús Hernández 0-0: Ball
1-0: Fielders Choice at 2nd, 5-4 (Groundball, 56)
Top of the 8th over - 0 runs, 1 hit, 0 errors, 2 left on base; St Charles 1 - Pocatello 5
BOTTOM OF THE 8TH
Pocatello Bellas batting - Pitching for St Charles Sheens : RHP Jesse Jones
Batting: LHB José Rivas 0-0: SINGLE (Groundball, 6MD)
Batting: SHB Juan Castro 0-0: Bunted foul
0-1: Bunted foul
0-2: Ball
1-2: Strikes out swinging
Batting: RHB Lonnie Anderson 0-0: Swinging Strike
0-1: Ball
1-1: Ball
2-1: DOUBLE (Line Drive, 7LD)
José Rivas to third
Runner from 3rd tries for Home, SAFE, no throw
Batting: RHB Enrique Mendoza 0-0: Ball
1-0: Swinging Strike
1-1: Swinging Strike
1-2: Strikes out swinging
Batting: RHB Javier Deleón 0-0: Ball
1-0: Called Strike
1-1: Called Strike
1-2: SINGLE (Line Drive, 56)
Lonnie Anderson to third
Batting: RHB Buck Jones 0-0: Called Strike
0-1: Ball
1-1: Foul Ball, location: 2F
1-2: Ball
2-2: Foul Ball, location: 2F
2-2: Foul Ball, location: 2F
2-2: Ball
3-2: Foul Ball, location: 2F
3-2: SINGLE (Line Drive, 9LS)
Lonnie Anderson scores
Javier Deleón to second
Javier Deleón to third
Batting: RHB Júlio Figueroa 0-0: Swinging Strike
0-1: Reached on error, E5 (Groundball, 56)
Javier Deleón scores
Buck Jones to second
Batting: RHB António Ortega 0-0: Called Strike
0-1: Ball
Passed Ball!
Buck Jones to third
Júlio Figueroa to second
1-1: SINGLE (Groundball, 6MD)
Buck Jones scores
Júlio Figueroa to third
Pitching: RHP Irwin Conway
Batting: SHB Shane Hutchinson 0-0: Ball
1-0: Ball
2-0: Ball
3-0: Base on Balls
António Ortega to second
Batting: LHB José Rivas 0-0: Foul Ball, location: 2F
0-1: GRAND SLAM HOME RUN (Flyball, 9LD), Distance : 347 ft
Batting: SHB Juan Castro 0-0: Foul Ball, location: 2F
0-1: Foul Ball, location: 2F
0-2: Ball
1-2: Ball
2-2: Ball
3-2: SINGLE (Line Drive, 34D)
Batting: RHB Lonnie Anderson 0-0: Ball
1-0: Foul Ball, location: 2F
1-1: Foul Ball, location: 2F
1-2: Foul Ball, location: 2F
1-2: Foul Ball, location: 2F
1-2: Foul Ball, location: 2F
1-2: Ball
2-2: DOUBLE (Flyball, 8RXD)
Juan Castro to third
Runner from 3rd tries for Home, SAFE, no throw
Batting: RHB Enrique Mendoza 0-0: Foul Ball, location: 2F
0-1: Foul Ball, location: 2F
0-2: Strikes out swinging
Bottom of the 8th over - 9 runs, 8 hits, 1 error, 1 left on base; St Charles 1 - Pocatello 14
TOP OF THE 9TH
St Charles Sheens batting - Pitching for Pocatello Bellas : RHP Tatsuzo Harada
Batting: RHB Ramón Molina 0-0: Called Strike
0-1: Ball
1-1: Foul Ball, location: 2F
1-2: Ball
2-2: Ball
3-2: SOLO HOME RUN (Flyball, 9D), Distance : 355 ft
Batting: RHB Shawn Gutiérrez 0-0: Swinging Strike
0-1: Swinging Strike
0-2: Strikes out swinging
Batting: LHB Larry Howard 0-0: Called Strike
0-1: Called Strike
0-2: Ball
1-2: Strikes out swinging
Batting: RHB Glen MacDonald 0-0: Swinging Strike
0-1: Foul Ball, location: 2F
0-2: Ball
1-2: Strikes out looking
Top of the 9th over - 1 run, 1 hit, 0 errors, 0 left on base; St Charles 2 - Pocatello 14
Saturday, April 7th, 2018 - OOTP Baseball 18.8 Build 76